 Dungeon Crawl Stone Soup version 0.25.0-9-g26727b657a (webtiles) character file.

Game seed: 11192638672300284141

1199 Krehm the Scholar of Death (level 8, -1/45 HPs)
             Began as a Deep Elf Necromancer on June 21, 2020.
             Was a Follower of Kikubaaqudgha.
             Slain by a shadow imp (4 damage)
             ... on level 5 of the Dungeon.
             The game lasted 00:54:39 (9175 turns).

Krehm the Scholar of Death (Deep Elf Necromancer)   Turns: 9175, Time: 00:54:41

Health: -1/45      AC:  4    Str:  5    XL:     8   Next: 20%
Magic:  15/19      EV: 12    Int: 23    God:    Kikubaaqudgha [*.....]
Gold:   248        SH:  5    Dex: 15    Spells: 6/20 levels left

rFire    . . .     SeeInvis .   i - +0 dagger
rCold    . . .     Gourm    .   k - +0 buckler
rNeg     . . .     Faith    .   j - +0 leather armour
rPois    .         Spirit   .   p - +0 helmet
rElec    .         Reflect  .   (no cloak)
rCorr    .         Harm     .   (no gloves)
MR       .....                  (no boots)
Stlth    ++........             (no amulet)
HPRegen  0.15/turn              (no ring)
MPRegen  0.16/turn              (no ring)

@: no status effects
A: no striking features
a: Receive Corpses, Renounce Religion


You were on level 5 of the Dungeon.
You worshipped Kikubaaqudgha.
Kikubaaqudgha was aware of your devotion.
You were near starving.

You visited 1 branch of the dungeon, and saw 7 of its levels.

You collected 248 gold pieces.

Inventory:

Hand Weapons
 i - a +0 dagger (weapon)
Missiles
 e - 6 boomerangs (quivered)
Armour
 d - a +0 kite shield
 j - a +0 leather armour (worn)
 k - a +0 buckler (worn)
 p - a +0 helmet (worn)
Jewellery
 h - a +6 ring of strength {unknown}
Wands
 b - a wand of digging (1)
 w - a wand of paralysis (10)
Scrolls
 a - 2 scrolls of identify {unknown}
 m - a scroll of remove curse {unknown}
 n - a scroll of magic mapping {unknown}
 q - a scroll of enchant armour {unknown}
 r - 2 scrolls of teleportation {unknown}
 s - 2 scrolls of fear {unknown}
 u - a scroll of amnesia {unknown}
 v - a scroll of random uselessness {unknown}
Potions
 f - a potion of curing
 l - 2 potions of heal wounds {unknown}
 o - 2 potions of stabbing {unknown}
 t - 3 potions of haste
Comestibles
 c - 4 rations


   Skills:
 - Level 2.8 Fighting
 - Level 2.4 Dodging
 - Level 2.4 Stealth
 + Level 3.3 Shields
 + Level 6.6 Spellcasting
 + Level 2.6 Conjurations
 + Level 7.3 Necromancy
 + Level 2.2 Air Magic
 + Level 2.6 Poison Magic


You had 6 spell levels left.
You knew the following spells:

 Your Spells              Type           Power        Failure   Level  Hunger
a - Pain                  Necr           ####         1%          1    None
b - Animate Skeleton      Necr           N/A          1%          1    None
c - Vampiric Draining     Necr           #####.....   2%          3    None
d - Animate Dead          Necr           N/A          7%          4    ###....
e - Sublimation of Blood  Necr           #####.....   1%          2    None
f - Mephitic Cloud        Conj/Pois/Air  ###.....     16%         3    None

Your spell library contained the following spells:

 Spells                   Type           Power        Failure   Level  Hunger
 Poisonous Vapours        Pois/Air       ###...       8%          2    None
 Sting                    Tmut/Pois      ##..         9%          1    None
 Agony                    Necr           #####...     21%         5    #####..
 Ignite Poison            Fire/Tmut/Pois ##......     30%         3    None
 Olgreb's Toxic Radiance  Pois           ###.....     43%         4    ###....


Dungeon Overview and Level Annotations

Branches:
Dungeon (7/15)
 Temple: D:4-7

Altars:
Elyvilon
Gozag
Hepliaklqana
Kikubaaqudgha
Makhleb
Nemelex Xobeh
Ru
Vehumet
Zin
The Shining One

Shops:
D:6 *

Annotations:
D:2 1 runed translucent door, exclusions: door and 1 more exclusion, Crazy Yiuf, Sigmund
D:4 1 runed translucent door, exclusion: door, Peloso's ghost, amateur MiFi


Message History

Aiming: Vampiric Draining (dangerous; 2% risk of failure)
Press: ? - help, Shift-Dir - straight line, f - shadow imp
Aim: a shadow imp (severely wounded)
You can't drain life from that!
Casting: Vampiric Draining (dangerous; 2% risk of failure)
Confirm with . or Enter, or press ? or * to list all spells.
Okay, then.
Okay, then.
Kikubaaqudgha delivers you a corpse!
You are near starving!
The shadow imp gestures at you. Pain shoots through your body!
* * * LOW HITPOINT WARNING * * *
Casting: Vampiric Draining (dangerous; 2% risk of failure)
Confirm with . or Enter, or press ? or * to list all spells.
You attempt to give life to the dead...
Before your eyes, flesh is ripped from the corpse!
The dead are walking!
The shadow imp hits you.
You die...
Kikubaaqudgha rasps: "You have failed me!
Welcome... death!"

.# .# #######
##############.....###
##...##.....##........
#....................
#....................
##'####.##'###....# .
##..######..##....###..#
................@.'.....
.................5#.....
##..##########Z..## ..#
#######.### ##### .
'....#....# #....#.(..#
#....#....# ##'# ##'#
##### ####
##.####.######...####..##


You could see a shadow imp and a friendly goblin skeleton.

Vanquished Creatures
  Prince Ribbit (D:5)
  A sky beast (D:5)
  A centaur (D:6)
  2 ogres (D:4)
  3 scorpions
  2 jellies (D:5)
  A centaur skeleton (D:5)
  An orc priest (D:6)
  2 hounds
  A bullfrog skeleton (D:4)
  2 iguanas
  An orc wizard (D:4)
  2 worker ants
  3 adders
  2 oozes
  An adder skeleton (D:4)
  3 worms (D:3)
  A dart slug (D:1)
  4 leopard geckos
  2 orcs
  6 bats
  A giant cockroach (D:3)
  6 goblins
  4 hobgoblins
  3 jackals (D:2)
  A quokka (D:4)
  5 frilled lizards
  2 kobolds
  10 rats
74 creatures vanquished.

Vanquished Creatures (collateral kills)
  An ogre (D:4)
  An orc priest (D:6)
  A bullfrog skeleton (D:4)
  2 hounds
  A worker ant zombie (D:6)
  An adder (D:4)
  An adder skeleton (D:6)
  A dart slug (D:1)
  A leopard gecko (D:4)
  4 orcs
  A giant cockroach (D:4)
  A leopard gecko skeleton (D:6)
16 creatures vanquished.

Grand Total: 90 creatures vanquished

Notes
Turn   | Place    | Note
-------+----------+-------------------------------------------
     0 | D:1      | Krehm the Deep Elf Necromancer began the quest for the Orb.
     0 | D:1      | Reached XP level 1. HP: 10/10 MP: 6/6
  1172 | D:1      | Reached skill level 5 in Necromancy
  1172 | D:1      | Reached XP level 2. HP: 13/16 MP: 4/8
  1176 | D:1      | Learned a level 1 spell: Animate Skeleton
  1791 | D:1      | Reached skill level 1 in Fighting
  2339 | D:2      | You fall into a shaft and drop 1 floor!
  2345 | D:3      | Reached XP level 3. HP: 20/20 MP: 10/10
  2454 | D:3      | Learned a level 3 spell: Vampiric Draining
  2996 | D:2      | Found an opulent altar of Gozag.
  3044 | D:2      | Found a runed translucent door.
  3045 | D:2      | Noticed Crazy Yiuf
  3087 | D:2      | Noticed Sigmund
  3961 | D:3      | Reached XP level 4. HP: 21/25 MP: 7/12
  4023 | D:3      | Learned a level 4 spell: Animate Dead
  4507 | D:3      | Found a sparkling altar of Nemelex Xobeh.
  4524 | D:3      | Found a white marble altar of Elyvilon.
  4750 | D:3      | Found a glowing golden altar of the Shining One.
  4753 | D:3      | Found an ancient bone altar of Kikubaaqudgha.
  4755 | D:3      | Found a radiant altar of Vehumet.
  4755 | D:3      | Found an opulent altar of Gozag.
  4755 | D:3      | Found a sacrificial altar of Ru.
  4756 | D:3      | Found a glowing silver altar of Zin.
  4764 | D:3      | Found a hazy altar of Hepliaklqana.
  4767 | D:3      | Found a burning altar of Makhleb.
  4776 | D:3      | Became a worshipper of Kikubaaqudgha
  4917 | D:4      | Reached skill level 1 in Shields
  5165 | D:4      | Noticed an ogre
  5686 | D:4      | Reached XP level 5. HP: 26/30 MP: 7/13
  5777 | D:4      | Killed an ogre
  5902 | D:4      | Found a runed translucent door.
  5917 | D:4      | Reached skill level 6 in Necromancy
  6034 | D:4      | Reached skill level 5 in Spellcasting
  6051 | D:4      | Noticed an ogre
  6065 | D:4      | Killed an ogre
  6065 | D:4      | Reached XP level 6. HP: 11/36 MP: 2/15
  6407 | D:4      | Noticed Peloso's ghost (amateur MiFi)
  6552 | D:4      | Reached * piety under Kikubaaqudgha
  6552 | D:4      | Identified Kikubaaqudgha's Guide on Necromancy
                  | (Kikubaaqudgha gifted it to you on level 4 of the Dungeon)
  6552 | D:4      | Received a gift from Kikubaaqudgha
  6888 | D:4      | Learned a level 2 spell: Sublimation of Blood
  6916 | D:5      | Entered Level 5 of the Dungeon
  6928 | D:4      | Learned a level 3 spell: Mephitic Cloud
  6962 | D:5      | Reached XP level 7. HP: 29/40 MP: 7/17
  7230 | D:5      | Noticed Prince Ribbit
  7255 | D:5      | Killed Prince Ribbit
  7255 | D:5      | Reached skill level 1 in Conjurations
  7255 | D:5      | Reached skill level 1 in Air Magic
  7255 | D:5      | Reached skill level 1 in Poison Magic
  7777 | D:5      | You fall into a shaft and drop 2 floors!
  7928 | D:6      | Reached skill level 7 in Necromancy
  8001 | D:6      | Found Bapysch's Assorted Antiques.
  8271 | D:5      | Reached XP level 8. HP: 43/45 MP: 15/19
  9175 | D:5      | Slain by a shadow imp

Illustrated notes

Levels and vault maps discovered:
D:1:      ncdulo_watergridlock, layout_loops_ring, minmay_misc_feat_square,
          minmay_strange_pillars
D:2:      layout_basic, nicolae_gozag_cash_rules_everything_around_me,
          uniq_sigmund, uniq_crazy_yiuf_cottage
D:3:      layout_loops_corners, elyvilon_altar_1, minitemple,
          nemelex_xobeh_ov_fountains_minmay, first_ration
D:4:      layout_cave_pools, ebering_ghost_reflecting_pool
D:5:      layout_gridville, uniq_prince_ribbit1
D:6:      minmay_goblin_kobold_castle, layout_basic, serial_shops, shop_statue,
          grunt_ministairs_3
D:7:      minmay_evil_eye, layout_basic, minmay_temple_entry_glass

Skill      XL: |  1  2  3  4  5  6  7  8 |
---------------+-------------------------+-----
Necromancy     | 5 6 7 |  7.3
Fighting       | 1 2 |  2.8
Spellcasting   | 4 5 6 |  6.6
Shields        | 1 2 3 |  3.3
Conjurations   | 2 |  2.6
Air Magic      | 1 2 |  2.2
Poison Magic   | 2 |  2.6
Dodging        | |  2.4
Stealth        | |  2.4

Action                   |  1- 3 |  4- 6 |  7- 9 || total
-------------------------+-------+-------+-------++-------
Melee: Unarmed           |    17 |       |       ||    17
       Dagger            |    27 |    92 |   217 ||   336
Throw: Boomerang         |    10 |       |       ||    10
 Cast: Pain              |    70 |    41 |    25 ||   136
       Animate Skeleton  |    17 |    11 |    10 ||    38
       Vampiric Draining |       |    15 |    18 ||    33
Invok: Receive Corpses   |       |       |     3 ||     3
  Use: Potion            |       |     3 |     2 ||     5
 Stab: Sleeping          |     5 |       |     1 ||     6
       Distracted        |     1 |       |       ||     1
  Eat: Chunk             |     8 |     4 |     7 ||    19
       Ration            |       |     2 |       ||     2
Armor: Robe              |     6 |       |       ||     6
       Leather armour    |    10 |    19 |    35 ||    64
       Skin              |       |    10 |    13 ||    23
Dodge: Dodged            |    39 |    51 |    91 ||   181
Block: Buckler           |       |     4 |    42 ||    46
